 Dungeon Crawl Stone Soup version 0.29.0-15-g675c0067aa (webtiles) character file.

Game seed: 6056498101745539838

1016 Persephone the Cruncher (level 8, -18/75 HPs)
             Began as a Minotaur Fighter on Sept 11, 2022.
             Killed from afar by a hellion (31 damage)
             ... with damnation
             ... on level 1 of the Abyss.
             The game lasted 00:08:51 (5617 turns).

Persephone the Cruncher (Minotaur Fighter)          Turns: 5617, Time: 00:08:52

Health: -18/75     AC:  9    Str: 22    XL:     8   Next: 1%
Magic:  7/7        EV:  9    Int:  5    God:
Gold:   489        SH:  0    Dex: 11    Spells: 7/7 levels left

rFire   . . .      SeeInvis .   g - +0 quarterstaff
rCold   . . .      Faith    .   (shield currently unavailable)
rNeg    . . .      Spirit   .   b - +1 scale mail
rPois   .          Reflect  .   (helmet restricted)
rElec   .          Harm     .   s - scarf {repulsion}
rCorr   +          Rampage  .   p - +0 pair of gloves
Will    .....                   (no boots)
Stlth   ..........              (no amulet)
HPRegen 0.22/turn               k - ring of resist corrosion
MPRegen 0.10/turn               (no ring)

@: about to teleport, studying Staves, repel missiles
A: horns 2, retaliatory headbutt
a: no special abilities


You were on level 1 of the Abyss.
You visited 1 branch of the dungeon, and saw 5 of its levels.
You visited the Abyss 1 time.

You collected 489 gold pieces.

Inventory:

Hand Weapons
 g - a +0 quarterstaff (weapon)
Missiles
 v - a throwing net (quivered)
Armour
 b - a +1 scale mail (worn)
 p - a +0 pair of gloves (worn)
 s - a scarf of repulsion (worn)
Jewellery
 k - a ring of resist corrosion (left hand)
Wands
 x - a wand of digging (1)
 y - a wand of flame (26)
Scrolls
 a - a scroll of blinking
 c - a scroll of enchant armour
 e - a scroll of amnesia
 h - 2 scrolls of poison
 i - a scroll of teleportation
Potions
 d - a potion of invisibility
 f - a potion of heal wounds
 j - a potion of resistance {unknown}
 l - 3 potions of curing
 m - a potion of lignification {unknown}
 o - 4 potions of mutation {unknown}
 r - a potion of flight {unknown}
 u - 3 potions of berserk rage {unknown}
 w - 2 potions of haste {unknown}


   Skills:
 + Level 8.7 Fighting
 - Level 2.4 Axes
 + Level 11.0 Staves
 - Level 3.6 Armour
 - Level 3.6 Shields


You had 7 spell levels left.
You didn't know any spells.
Your spell library contained the following spells:

 Spells                   Type           Power      Damage    Failure   Level
 Necrotise                Necr           0%         1d4       80%         1
 Sandblast                Erth           0%         2d4       80%         1
 Passwall                 Tmut/Erth      0%         N/A       90%         2
 Stone Arrow              Conj/Erth      0%         3d7       99%         3
 Vampiric Draining        Necr           0%         2d6       99%         3
 Agony                    Necr           0%         N/A       100%        5


Dungeon Overview and Level Annotations

Branches:
Dungeon (5/15)
 Temple: D:4-7

Altars:
Gozag
Hepliaklqana
Qazlal
Xom
Zin
The Shining One

Shops:
D:4 *(*[


Innate Abilities, Weirdness & Mutations

You have a pair of horns on your head.
You reflexively headbutt those who attack you in melee.


Message History

The hound is moderately wounded.
The hound bites you but does no damage.
A gnoll comes into view. It is wielding a +0 whip.
A gnoll comes into view. It is wielding a +0 flail.
The gnoll shouts! x2
You hit the hound but do no damage. Your headbutt misses the hound.
The hound is moderately wounded.
The hound closely misses you.
You closely miss the hound. Your headbutt misses the hound.
The hound is moderately wounded.
The hound bites you.
The gnoll hits you from afar with a +0 spear of distortion.
You are cast into the Abyss!
This branch contains the abyssal rune of Zot.
HP restored.
There is an open door here.
Found a gateway leading deeper into the Abyss.
Found a gateway leading deeper into the Abyss.
A hellion comes into view.
The hellion moves out of view.
The hellion gives a hideous shriek!
A hellion is nearby!
A hellion is nearby!
The hellion hits you.
The hellion hits you but does no damage.
The hellion attacks as you move away!
The hellion hits you but does no damage.
The hellion gestures at you.
The sphere of damnation explodes!
The damnation engulfs you!!
You hear a shout!
You hear a chilling moan.
As you read the scroll of teleportation, it crumbles to dust.
You feel strangely unstable.
You feel the power of the Abyss delaying your translocation!
The hellion gestures at you.
The sphere of damnation explodes!
The damnation engulfs you!!
* * * LOW HITPOINT WARNING * * *
You hear a grinding noise.
You hear a chilling moan.
The hellion gestures at you.
The sphere of damnation explodes!
The damnation engulfs you!!
You die...

## . ..# .. .. ..
#.. ... .# ...
#.#. #. #####
#... .#...# ###
#..#.#.###..#
#..@..#..#.#
#..#.##.#..##..#.
##....2#.2......#
#.#..#.##..#...#
#..#.#..###..###
#........# ..#
###.##.### .# ##
.## # .


You could see a hellion.

Vanquished Creatures
  A steam dragon (D:5)
  Duvessa (D:5)
  An ogre (D:5)
  A scorpion (D:5)
  Dowan (D:5)
  A crimson imp (D:5)
  A jelly (D:5)
  3 orc priests
  2 hounds (D:4)
  Jessica (D:3)
  3 iguanas
  3 orc wizards
  Robin (D:4)
  3 gnolls (D:4)
  4 adders
  2 white imps (D:5)
  2 ufetubi
  2 worms (D:2)
  4 dart slugs
  13 orcs
  7 endoplasms
  2 giant cockroaches
  8 hobgoblins
  3 jackals (D:4)
  3 quokkas (D:4)
  5 ball pythons
  4 bats
  2 frilled lizards
  16 goblins
  2 goblin skeletons (D:5)
  2 hobgoblin zombies (D:5)
  6 kobolds
  2 kobold zombies (D:5)
  2 orc skeletons (D:5)
  An orc zombie (D:5)
  A rat (D:1)
  A butterfly (D:4)
117 creatures vanquished.

Notes
Turn   | Place    | Note
-------+----------+-------------------------------------------
     0 | D:1      | Persephone the Minotaur Fighter began the quest for the
                  | Orb.
     0 | D:1      | Reached XP level 1. HP: 19/19 MP: 0/0
    30 | D:1      | Found a faded altar of an unknown god.
    98 | D:1      | Reached skill level 1 in Staves
   196 | D:1      | Reached skill level 2 in Staves
   196 | D:1      | Reached XP level 2. HP: 13/27 MP: 1/1
   874 | D:2      | Reached skill level 3 in Staves
  1010 | D:2      | Reached XP level 3. HP: 34/34 MP: 2/2
  1780 | D:3      | Reached skill level 4 in Staves
  1858 | D:3      | Noticed Jessica
  1871 | D:3      | Killed Jessica
  1872 | D:3      | Reached skill level 5 in Fighting
  1872 | D:3      | Reached XP level 4. HP: 37/42 MP: 3/3
  1886 | D:3      | Reached skill level 5 in Staves
  2079 | D:3      | Reached XP level 5. HP: 28/49 MP: 4/4
  2306 | D:3      | Reached skill level 6 in Staves
  2399 | D:3      | Found a stormy altar of Qazlal.
  2686 | D:4      | Found Kiuligec's Assorted Antiques.
  2741 | D:4      | Found Peunoh's Antique Weapon Shoppe.
  2749 | D:4      | Found Ijeoju Kize's Assorted Antiques.
  2908 | D:4      | Found an opulent altar of Gozag.
  2920 | D:4      | Found a shimmering altar of Xom.
  2967 | D:4      | Found Wauny's Armour Shop.
  2992 | D:4      | Found a glowing silver altar of Zin.
  3086 | D:4      | Reached skill level 7 in Staves
  3163 | D:4      | Noticed Robin
  3184 | D:4      | Reached XP level 6. HP: 47/57 MP: 5/5
  3196 | D:4      | Killed Robin
  3309 | D:4      | Identified the +3 leather armour "Rexkeg" {*Slow Int+2
                  | Stlth+}
  3404 | D:4      | Found a hazy altar of Hepliaklqana.
  4058 | D:5      | Entered Level 5 of the Dungeon
  4286 | D:5      | Reached skill level 8 in Staves
  4316 | D:5      | Reached XP level 7. HP: 42/66 MP: 6/6
  4477 | D:5      | Found a glowing golden altar of the Shining One.
  4489 | D:5      | Reached skill level 9 in Staves
  4805 | D:5      | Noticed Duvessa
  4805 | D:5      | Noticed Dowan
  4809 | D:5      | Killed Duvessa
  4819 | D:5      | Killed Dowan
  4820 | D:5      | Reached skill level 10 in Staves
  5117 | D:5      | Noticed a steam dragon
  5126 | D:5      | Killed a steam dragon
  5127 | D:5      | Reached skill level 11 in Staves
  5127 | D:5      | Reached XP level 8. HP: 34/75 MP: 7/7
  5531 | Abyss:1  | Cast into level 1 of the Abyss (gnoll)
  5606 | Abyss:1  | Noticed a hellion
  5617 | Abyss:1  | Killed from afar by a hellion

Illustrated notes

Levels and vault maps discovered:
D:1:      sevenhm_arrival_forest_fort_small_5, layout_basic,
          hellmonk_ecumenical_altar_lost_god
D:2:      layout_loops_ring
D:3:      layout_basic, mainiacjoe_overflow_alcove_2, minmay_goblin_outpost,
          uniq_jessica
D:4:      layout_basic, mainiacjoe_overflow_paths, xom_butterflies,
          pdpol_temple_overflow_zin_treasury_gozag_greed, serial_shops,
          shop_coins, shop, shop_fountains, nicolae_shop_advertising_works
          [nicolae_subvault_shop_adworks], kennysheep_nub, st_stairs_8,
          hex_tiny, uniq_robin
D:5:      layout_basic, nicolae_tso_besieged_by_evil, uniq_duvessa
Abyss:1:  base:
D:2

Skill      XL: |  1  2  3  4  5  6  7 |
---------------+----------------------+-----
Staves         | 2 3 4 5 7 8 11 | 11.0
Fighting       | 4 5 6 7 8 |  8.7
Axes           | |  2.4
Armour         | |  3.6
Shields        | |  3.6

Action                   |  1- 3 |  4- 6 |  7- 9 || total
-------------------------+-------+-------+-------++-------
Melee: Quarterstaff      |    70 |   130 |    84 ||   284
       Headbutt          |     6 |    14 |    10 ||    30
       War axe           |     1 |       |       ||     1
  Use: Potion            |     1 |     1 |     2 ||     4
       Scroll            |       |    13 |     1 ||    14
Armor: Scale mail        |    33 |    75 |    47 ||   155
Dodge: Dodged            |    49 |    62 |    19 ||   130
       Repelled          |       |     1 |     3 ||     4
